 Dungeon Crawl Stone Soup version 0.21.0-30-g47ce8e4 (webtiles) character file.

7 Monsterracer the Stinger (level 1, 0/14 HPs)
             Began as a Draconian Venom Mage on Jan 28, 2018.
             Slain by a jackal (3 damage)
             ... on level 1 of the Dungeon.
             The game lasted 00:00:30 (167 turns).

Monsterracer the Stinger (Draconian Venom Mage)      Turns: 167, Time: 00:00:30

Health: 0/14       AC:  4    Str: 10    XL:     1   Next: 83%
Magic:  3/3        EV: 12    Int: 15    God:
Gold:   5          SH:  0    Dex: 11    Spells: 3/4 levels left

rFire    . . .     SeeInvis .     - Unarmed
rCold    . . .     Gourm    .   (no shield)
rNeg     . . .     Faith    .   (armour unavailable)
rPois    .         Spirit   .   (helmet restricted)
rElec    .         Reflect  .   (no cloak)
rCorr    .         Harm     .   (no gloves)
MR       .....                  (no boots)
Stlth    ++........             (no amulet)
HPRegen  0.04/turn              (no ring)
MPRegen  0.08/turn              (no ring)

@: no status effects
A: unfitting armour, cold-blooded, AC +4
a: no special abilities


You were on level 1 of the Dungeon.
You were not hungry.

You visited 1 branch of the dungeon, and saw 1 of its levels.

You collected 5 gold pieces.

Inventory:

Missiles
 b - 6 javelins (quivered)
Scrolls
 d - a scroll of enchant armour {unknown}
Books
 a - a Young Poisoner's Handbook

   Spells                             Type                      Level
   a - Sting                          Conjuration/Poison           1
   b - Poisonous Vapours              Poison/Air                   2
   c - Mephitic Cloud                 Conjuration/Poison/Air       3
   d - Olgreb's Toxic Radiance        Poison                       4
   e - Venom Bolt                     Conjuration/Poison           5
Comestibles
 c - a ration


   Skills:
 - Level 1.7 Dodging
 - Level 1.7 Stealth
 + Level 1.5 Unarmed Combat
 - Level 2.0 Spellcasting
 - Level 1.0 Conjurations
 - Level 3.0 Poison Magic


You had 3 spell levels left.
You knew the following spells:

 Your Spells              Type           Power        Failure   Level  Hunger
a - Sting                 Conj/Pois      #...         10%         1    #......


Dungeon Overview and Level Annotations

Branches:
Dungeon (1/15)

Altars:


Innate Abilities, Weirdness & Mutations

Your plain brown scales are hard. (AC +4)
You cannot fit into any form of body armour.
You are cold-blooded and may be slowed by cold attacks.


Message History

Found a scroll labeled CALUN WEDE.
There are monsters nearby!
There are monsters nearby! 2 jackals come into view.
The kobold shouts!
A goblin comes into view.
The jackal barks!
The jackal closely misses you.
You hit the jackal but do no damage. The jackal bites you.
You take 1 damage, and have 13/14 hp.
The jackal bites you but does no damage.
The jackal barely misses you.
You closely miss the jackal. The jackal misses you.
You closely miss the jackal. You tail-slap the jackal.
The jackal is severely wounded.
The jackal closely misses you.
The jackal bites you but does no damage.
You barely miss the jackal.
The jackal is severely wounded.
The jackal closely misses you.
You hit the jackal but do no damage.
Your tail-slap misses the jackal.
The jackal is severely wounded.
The jackal bites you.
You take 2 damage, and have 11/14 hp.
You closely miss the jackal.
The jackal is severely wounded.
The jackal bites you.
You take 1 damage, and have 10/14 hp.
You are too injured to fight recklessly!
You hit the jackal.
The jackal is moderately wounded.
The jackal barely misses you.
You are too injured to fight recklessly!
You hit the jackal.
The jackal is heavily wounded.
The jackal bites you but does no damage.
A bat comes into view.
You are too injured to fight recklessly!
You hit the jackal.
You kill the jackal!
You are too injured to fight recklessly!
You hit the kobold.
The kobold is heavily wounded.
The bat hits you but does no damage. The kobold hits you with a dagger.
The bat hits you but does no damage.
You take 1 damage, and have 9/14 hp.
You are too injured to fight recklessly!
You are too injured to fight recklessly!
You barely miss the kobold.
The kobold is heavily wounded.
The bat closely misses you. The bat completely misses you.
The kobold barely misses you.
You closely miss the bat. The bat completely misses you.
The kobold closely misses you.
You closely miss the kobold.
You kill the kobold!
The bat hits you.
You take 1 damage, and have 8/14 hp.
You hit the jackal but do no damage. Your punch misses the jackal.
The bat misses you.
The jackal bites you but does no damage.
The bat misses you. The jackal closely misses you.
You hit the bat.
Your tail-slap misses the bat.
The bat is moderately wounded.
The bat closely misses you. The bat hits you but does no damage.
The jackal barely misses you.
You closely miss the bat.
The bat is moderately wounded.
The bat hits you.
* * * LOW HITPOINT WARNING * * *
The jackal bites you.
* * * LOW HITPOINT WARNING * * *
The bat hits you but does no damage.
You take 3 damage, and have 5/14 hp.
MASSIVE DAMAGE!!
You closely miss the bat.
Your tail-slap misses the bat.
The bat is moderately wounded.
The bat misses you. The jackal closely misses you.
The jackal barely misses you.
You barely miss the jackal. The bat misses you.
The jackal completely misses you.
You miss the jackal. The bat misses you. The jackal bites you.
* * * LOW HITPOINT WARNING * * *
You take 1 damage, and have 4/14 hp.
You hit the jackal.
The jackal is heavily wounded.
The bat closely misses you. The jackal closely misses you.
The jackal bites you but does no damage.
The bat barely misses you. The bat hits you.
* * * LOW HITPOINT WARNING * * *
You take 1 damage, and have 3/14 hp.
A dart slug comes into view.
The bat barely misses you. The bat barely misses you. The jackal misses you.
The bat closely misses you. The dart slug launches a dart at you.
The slug dart hits you!
Unknown command.
The jackal bites you.
You die...

#####......g###.###.........
#....####)# #.. #######)##
...?##. #.####.## #... ###
#. ##g....... .... .####.
##........# ####.
......##..######.# .
.##....h## .
#...w....h######.#
.....####b@....... ####
########..


You could see a dart slug, 2 jackals and a bat.

Vanquished Creatures
  2 giant cockroaches (D:1)
  A jackal (D:1)
  2 kobolds (D:1)
5 creatures vanquished.

Notes
Turn   | Place    | Note
-------+----------+-------------------------------------------
     0 | D:1      | Monsterracer the Draconian Venom Mage began the quest for the Orb.
     0 | D:1      | Reached XP level 1. HP: 14/14 MP: 3/3
    65 | D:1      | Reached skill level 1 in Unarmed Combat
   156 | D:1      | HP: 7/14 [bat (1)]
   162 | D:1      | HP: 3/14 [bat (1)]
   167 | D:1      | Slain by a jackal

Skill      XL: |  1 |
---------------+----+-----
Unarmed Combat | 1 |  1.5
Dodging        | |  1.7
Stealth        | |  1.7
Spellcasting   | |  2.0
Conjurations   | |  1.0
Poison Magic   | |  3.0

Action                   || total
-------------------------++-------
Melee: Unarmed           ||    43
       Tailslap          ||     3
Armor: Skin              ||    21
Dodge: Dodged            ||    41

Vault maps used:
D:1:      minmay_arrival_semitransparent
